 Dungeon Crawl Stone Soup version 0.26-a0-146-g24f6d3962c (webtiles) character file.

Game seed: 5203407472835325628

37929 MordorOrchid the Thaumaturge (level 13, -23/69 HPs)
             Began as a Felid Venom Mage on June 28, 2020.
             Was the Champion of Vehumet.
             Annihilated by a red ugly thing (34 damage)
             ... on level 15 of the Dungeon on June 29, 2020.
             The game lasted 03:29:08 (36768 turns).

MordorOrchid the Thaumaturge (Felid Venom Mage)    Turns: 36768, Time: 03:29:09

Health: -23/69     AC:  8    Str:  4    XL:     13   Next: 61%
Magic:  13/41      EV: 18    Int: 21    God:    Vehumet [******]
Gold:   583        SH:  0    Dex: 17    Spells: 3/40 levels left
                                        Lives:  0   Deaths: 4

rFire    x . .     SeeInvis +     - Unarmed
rCold    + + +     Faith    .   (shield unavailable)
rNeg     . . .     Spirit   .   (armour unavailable)
rPois    +         Reflect  .   (helmet unavailable)
rElec    .         Harm     .   (cloak unavailable)
rCorr    .                      (gloves unavailable)
MR       +....                  (boots unavailable)
Stlth    +++++.....             R - amulet of magic regeneration
HPRegen  0.21/turn              a - ring of magical power
MPRegen  0.52/turn              Z - ring of wizardry

@: ice-form, no potions, studying Necromancy
A: large, no armour, no weapons or thrown items, stealth, see invisible,
carnivore, slow metabolism 1
a: End Transformation, Renounce Religion


You were on level 15 of the Dungeon.
You worshipped Vehumet.
Vehumet was exalted by your worship.
You were not hungry.
You were a creature of crystalline ice.
You visited 3 branches of the dungeon, and saw 23 of its levels.
You visited 1 bazaar.
You also visited: Sewer, Bailey, Gauntlet and Volcano.

You collected 4150 gold pieces.
You spent 3567 gold pieces at shops.

Inventory:

Missiles
 o - 467 arrows
Jewellery
 a - a ring of magical power (left front paw)
 c - a +6 ring of strength
 n - a +6 ring of strength
 t - an uncursed ring of protection from fire
 F - a +6 ring of intelligence
 G - an uncursed ring of ice
 I - an uncursed ring of ice
 Q - the ring "Arghea Nuby" {rPois rC- Dex+7}
   (You acquired it on level 2 of the Orcish Mines)

   [ring of poison resistance]

   It affects your dexterity (+7).
   It makes you vulnerable to cold.
   It protects you from poison.
 R - an amulet of magic regeneration (around neck)
 T - the amulet of Etonax {Regen+ Str+2 Dex+4}
   (You found it in a Gauntlet)

   [amulet of regeneration]

   It affects your strength (+2).
   It affects your dexterity (+4).
   It increases your rate of regeneration.
 V - the ring of Piowk {+Fly rN+ Str+2 Stlth+}
   (You acquired it on level 13 of the Dungeon)

   [ring of positive energy]

   It affects your strength (+2).
   It protects you from negative energy.
   It lets you fly.
   It makes you more stealthy.
 Z - a ring of wizardry (right front paw)
Wands
 j - a wand of iceblast (47)
 p - a wand of digging (9)
 B - a wand of disintegration (25)
 D - a wand of paralysis (17)
 E - a wand of random effects (32)
 J - a wand of acid (5)
 N - a wand of enslavement (11)
 P - a wand of clouds (9)
 S - a wand of flame (18)
Scrolls
 d - 2 scrolls of fear
 e - a scroll of blinking
 g - 7 scrolls of remove curse
 i - 2 scrolls of amnesia
 s - 7 scrolls of teleportation
 v - 3 scrolls of magic mapping
 y - 5 scrolls of fog
 z - 2 scrolls of noise
 K - 4 scrolls of immolation
 O - a scroll of silence
 W - a scroll of vulnerability
Potions
 f - a potion of haste
 h - 14 potions of curing
 k - 2 potions of cancellation
 l - 3 potions of lignification
 m - 4 potions of berserk rage
 q - 8 potions of stabbing
 u - 9 potions of might
 w - 4 potions of heal wounds
 x - 6 potions of brilliance
 A - 3 potions of ambrosia
 C - 2 potions of mutation
 L - 2 potions of flight
 M - 2 potions of resistance
Books
 r - a manual of Necromancy
Miscellaneous
 H - 3 phantom mirrors
Comestibles
 b - 46 rations


   Skills:
 * Level 7.8 Fighting
 - Level 12.0 Dodging
 - Level 10.0 Stealth
 * Level 8.0 Unarmed Combat
 - Level 14.0 Spellcasting
 * Level 5.8 Conjurations
 - Level 4.0 Summonings
 - Level 2.0 Necromancy
 - Level 3.0 Translocations
 - Level 8.0 Transmutations
 - Level 3.0 Fire Magic
 * Level 6.2 Ice Magic
 - Level 10.7 Air Magic
 - Level 6.0 Poison Magic
 - Level 6.0 Evocations


You had 3 spell levels left.
You knew the following spells:

 Your Spells              Type           Power        Failure   Level  Hunger
a - Sting                 Tmut/Pois      ####         1%          1    None
b - Olgreb's Toxic Radia  Pois           #####...     1%          4    None
d - Ignite Poison         Fire/Tmut/Pois #####...     1%          3    None
g - Mephitic Cloud        Conj/Pois/Air  #####...     1%          3    None
j - Summon Lightning Spi  Summ/Air       #####...     1%          4    None
o - Ozocubu's Refrigerat  Ice            #####.....   6%          6    #####..
p - Poisonous Vapours     Pois/Air       #####.       1%          2    None
t - Sticks to Snakes      Tmut           #####...     1%          2    None
u - Animate Skeleton      Necr           N/A          1%          1    None
x - Blink                 Tloc           N/A          1%          2    None
y - Ice Form              Ice/Tmut       #####...     1%          4    None
z - Apportation           Tloc           ####..       1%          1    None
B - Airstrike             Air            ######....   1%          4    None

Your spell library contained the following spells:

 Spells                   Type           Power        Failure   Level  Hunger
 Freezing Cloud           Conj/Ice/Air   #####.....   3%          6    #####..
 Beastly Appendage        Tmut           #####.       1%          1    None
 Corona                   Hex            ##.....      1%          1    None
 Magic Dart               Conj           ####         1%          1    None
 Pain                     Necr           ###.         1%          1    None
 Summon Small Mammal      Summ           ####         1%          1    None
 Call Imp                 Summ           ####....     1%          2    None
 Ensorcelled Hibernation  Hex/Ice        ####..       1%          2    None
 Passwall                 Tmut/Erth      ####....     1%          2    None
 Searing Ray              Conj           #####.       1%          2    None
 Conjure Flame            Conj/Fire      ####....     1%          3    None
 Dazzling Flash           Conj/Hex       ####..       1%          3    None
 Gell's Gravitas          Tloc           ####......   1%          3    None
 Recall                   Summ/Tloc      N/A          1%          3    None
 Spider Form              Tmut/Pois      #####.....   1%          3    None
 Static Discharge         Conj/Air       #####...     1%          3    None
 Slow                     Hex            ##......     2%          2    None
 Vampiric Draining        Necr           ###.......   2%          3    None
 Confusing Touch          Hex            ##......     5%          3    None
 Tukima's Dance           Hex            ##......     5%          3    None
 Fulminant Prism          Conj/Hex       ####......   1%          4    None
 Iskenderun's Mystic Bla  Conj/Tloc      ####....     1%          4    None
 Blade Hands              Tmut           #####.....   1%          5    ###....
 Irradiate                Conj/Tmut      #####.....   1%          5    ###....
 Lightning Bolt           Conj/Air       #####.....   1%          5    ###....
 Alistair's Intoxication  Tmut/Pois      #####...     2%          5    ###....
 Yara's Violent Unravell  Hex/Tmut       ####......   2%          5    ###....
 Conjure Ball Lightning   Conj/Air       #####.....   2%          6    #####..
 Petrify                  Tmut/Erth      ####....     3%          4    None
 Bolt of Magma            Conj/Fire/Erth ####......   4%          5    ###....
 Iskenderun's Battlesphe  Conj/Chrm      ####....     4%          5    ###....
 Silence                  Hex/Air        #####.....   5%          5    ###....
 Animate Dead             Necr           N/A          8%          4    None
 Hydra Form               Tmut           #####.....   10%         6    #####..
 Metabolic Englaciation   Hex/Ice        ####......   13%         5    ###....
 Cause Fear               Hex            ##........   16%         4    None
 Leda's Liquefaction      Hex/Erth       ##........   16%         4    None
 Agony                    Necr           ###.....     21%         5    ###....
 Summon Mana Viper        Hex/Summ       ###.....     21%         5    ###....
 Iron Shot                Conj/Erth      ####......   21%         6    #####..
 Orb of Destruction       Conj           #####.....   30%         7    ######.
 Spellforged Servitor     Conj/Summ      #####.....   41%         7    ######.
 Statue Form              Tmut/Erth      ####.....    43%         6    #####..
 Dragon Form              Tmut           #####.....   45%         7    ######.
 Monstrous Menagerie      Summ           ####......   93%         7    ######.
 Summon Greater Demon     Summ           ####......   93%         7    ######.
 Malign Gateway           Summ/Tloc      ####......   96%         7    ######.
 Tornado                  Air            ######....   98%         9    #######
 Ignition                 Fire           ####......   99%         8    #######
 Summon Horrible Things   Summ           ####......   100%        8    #######
 Shatter                  Erth           ##........   100%        9    #######
 Portal Projectile        Hex/Tloc       Unusable     N/A         3    N/A

Dungeon Overview and Level Annotations

Branches:
Dungeon (15/15)            Temple (0/1) D:5            Lair (6/6) D:9
  Swamp (0/4) Lair:4        Snake (0/4) Lair:3        Slime (0/5) Lair:6
    Orc (2/2) D:12            Elf (0/3) Orc:2        Vaults (0/5) D:13
  Sewer (visited)          Bailey (visited)         Volcano (visited)
Gauntlet (visited)
 Depths: D:15

Altars:
Elyvilon
Gozag
Okawaru
Ru
Sif Muna
Trog
Vehumet
Xom
Yredelemnul
Beogh
Jiyva

Shops:
D:5 *   D:7 [   D:8 %   Orc:2 ?}[:(

Annotations:
D:12 Jorgrun
Lair:2 1 runed translucent door, Gargoyl's ghost, journeyman CeAK


Innate Abilities, Weirdness & Mutations

You cannot wear armour.
You are incapable of wielding weapons or throwing items.
Your paws allow you to move quietly. (Stealth)
((You have sharp claws.))
((You have razor-sharp teeth.))
You have supernaturally acute eyesight. (SInv)
You are carnivorous and can eat meat at any time.
((You cover ground quickly.))
((Your thick and shaggy fur keeps you warm. (AC +3, rC+)))
You have a slow metabolism.
((Your sharp claws are effective at attacking unaware monsters.))


Message History

The red ugly thing completely misses you.
The cyclops throws a large rock.
The large rock hits you!!!
Ouch! That really hurt!
* * * LOW HITPOINT WARNING * * *
Unknown command.
Unknown command.
Unknown command.
Unknown command.
Casting: Ozocubu's Refrigeration (dangerous; 6% risk of failure)
Confirm with . or Enter, or press ? or * to list all spells.
The heat is drained from your surroundings.
You resist.
You feel very cold.
The red ugly thing, the gargoyle and the cyclops are frozen.
The red ugly thing is almost dead.
The gargoyle is almost destroyed.
You kill the cyclops!
Vehumet accepts your kill.
You feel your power returning. The red ugly thing headbutts you!
* * * LOW HITPOINT WARNING * * *
You are engulfed in flames!!
The fire burns you terribly!
You die...

# . ## .#... #####
.[#. #...# #..
###.#.###
#.#.##.#####...#...#
#......†.....#####.#
.#.###.####...#...#
#u# ###.#.### #Y#
#...# #†# ##.## #○#
#.# #○# ... (..
..... #.# #.# #9# ##
#.#


You could see a red ugly thing and a gargoyle.

Vanquished Creatures
  An orc warlord (Bailey)
  A stone giant (Orc:2)
  A minotaur (Gauntlet)
  Snorg (D:12)
  A death ooze (Gauntlet)
  An ettin (Orc:1)
  Josephine (Lair:4)
  Fannar (D:12)
  7 centaur warriors
  11 hydras
  2 dancing weapons (D:13)
  10 two-headed ogres
  5 orc high priests (Orc:2)
  5 death yaks (Lair:4)
  2 death scarabs (Gauntlet)
  Sonja (D:10)
  Nergalle (D:12)
  A skeletal warrior (Volcano)
  2 deep elf archers (D:14)
  An anaconda skeleton (Volcano)
  5 unseen horrors
  A lindwurm (shapeshifter) (D:14)
  A harpy (shapeshifter) (D:14)
  The ghost of Harunobu the Skirmisher, a novice DsBe of Trog (D:6)
  3 orc knights
  A wolf spider (D:14)
  A deep elf mage (D:14)
  3 oklob plants (Lair:3)
  An orc sorcerer (Orc:1)
  5 manticores
  10 ugly things
  5 cyclopes
  6 elephants
  3 black mambas
  13 spiny frogs
  A torpor snail (Lair:5)
  3 gargoyles (Volcano)
  A rime drake (Lair:2)
  8 komodo dragons
  4 efreet
  A kobold demonologist (D:14)
  2 tengu conjurers (D:13)
  2 yaktaurs (D:14)
  5 hornets (Lair:6)
  9 trolls
  4 polar bears (Lair:6)
  A blink frog (shapeshifter) (D:14)
  3 slime creatures (D:14)
  3 dream sheep
  A harpy skeleton (Volcano)
  9 blink frogs
  15 hippogriffs
  2 flying skulls (Volcano)
  A spectral black mamba (Gauntlet)
  28 yaks
  3 shadows
  2 wyverns
  11 spriggans (Lair:6)
  A vampire (D:13)
  A spectral fire crab (Gauntlet)
  A wraith (Lair:4)
  3 hungry ghosts
  A golden eye (shapeshifter) (D:14)
  A basilisk (D:14)
  A human (shapeshifter) (D:15)
  A steam dragon (D:9)
  3 vampire mosquitoes
  7 wargs
  2 insubstantial wisps (D:9)
  2 nagas (Lair:3)
  A soldier ant (D:13)
  2 acid dragons
  14 water moccasins
  Duvessa (D:7)
  6 porcupines
  5 phantoms
  16 orc warriors
  4 ice beasts
  6 black bears
  2 eyes of draining
  A hornet zombie (D:9)
  10 sky beasts
  16 ogres
  17 wolves
  A necrophage (D:10)
  4 boggarts (Lair:6)
  10 centaurs
  13 crocodiles
  16 bullfrogs
  4 big kobolds
  A gnoll sergeant (D:8)
  A wyvern skeleton (D:7)
  Dowan (D:7)
  A scorpion (D:6)
  5 killer bees (D:10)
  A troll skeleton (Volcano)
  An electric eel (Lair:5)
  A spriggan skeleton (Volcano)
  18 wights
  4 howler monkeys
  6 crimson imps
  3 centaur zombies
  3 bullfrog zombies
  A quasit (D:8)
  3 bullfrog skeletons
  3 jellies
  9 hounds
  Crazy Yiuf (D:5)
  2 centaur skeletons
  36 orc priests
  Jessica (D:3)
  4 iguanas
  Ijyb (D:3)
  21 orc wizards
  2 hell rats (Lair:6)
  13 worker ants
  A killer bee zombie (D:8)
  A howler monkey zombie (D:7)
  2 worker ant zombies
  5 gnolls
  18 adders
  5 shadow imps
  An ooze (D:2)
  An adder skeleton (D:6)
  An adder zombie (D:9)
  3 worms (D:3)
  3 dart slugs
  2 leopard geckos
  74 orcs
  8 bats
  6 giant cockroaches
  16 goblins
  15 hobgoblins
  12 jackals
  4 quokkas
  13 ball pythons
  12 frilled lizards
  A jackal zombie (D:6)
  19 kobolds
  A leopard gecko skeleton (D:8)
  A quokka skeleton (D:5)
  37 rats
  A spectral orc (D:9)
  A bush (Lair:3)
  7 plants
821 creatures vanquished.

Vanquished Creatures (collateral kills)
  An ice dragon (D:14)
  A hydra (Lair:4)
  A two-headed ogre (D:13)
  A death yak (Lair:4)
  A skeletal warrior (Volcano)
  An anaconda skeleton (Volcano)
  An ugly thing (D:14)
  An oklob plant (Lair:3)
  A manticore (D:14)
  3 elephants
  2 black mambas
  A centaur zombie (D:14)
  A centaur skeleton (D:14)
  4 spiny frogs
  A yaktaur (D:14)
  3 polar bears
  A troll (Orc:1)
  A hornet (Lair:6)
  A slime creature (Gauntlet)
  A blink frog (Lair:2)
  2 spriggans (Lair:6)
  2 wraiths (Lair:4)
  A wyvern (D:13)
  17 yaks
  An acid dragon (D:13)
  4 water moccasins
  3 porcupines
  A black bear (Lair:6)
  6 wolves (Lair:6)
  2 crocodiles
  3 bullfrogs
  A howler monkey (D:14)
  A crimson imp (D:13)
  An orc priest (Orc:2)
  2 hell rats (Lair:6)
  2 worker ants
  3 orcs (Orc:2)
  6 fungi
  8 plants
94 creatures vanquished.

Vanquished Creatures (others)
  A centaur zombie (D:14)
  A centaur simulacrum (D:14)
  A flying skull (Volcano)
  A wyvern zombie (D:14)
  4 fungi (Lair:6)
  5 plants
  4 withered plants
17 creatures vanquished.

Grand Total: 932 creatures vanquished

Notes
Turn   | Place    | Note
-------+----------+-------------------------------------------
     0 | D:1      | MordorOrchid the Felid Venom Mage began the quest for the
                  | Orb.
     0 | D:1      | Reached XP level 1. HP: 7/7 MP: 4/4
   128 | D:1      | Reached XP level 2. HP: 8/12 MP: 1/6
   232 | D:1      | Learned a level 2 spell: Poisonous Vapours
   672 | D:1      | Reached XP level 3. HP: 15/15 MP: 3/7
   677 | D:1      | Learned a level 3 spell: Mephitic Cloud
  1763 | D:2      | Reached skill level 1 in Fighting
  1763 | D:2      | Reached XP level 4. HP: 19/19 MP: 1/8
  1863 | D:2      | Found a shimmering altar of Xom.
  2477 | D:3      | Noticed Jessica
  2484 | D:3      | Killed Jessica
  2484 | D:3      | Reached skill level 1 in Unarmed Combat
  2833 | D:3      | Reached XP level 5. HP: 22/22 MP: 5/9
  3281 | D:3      | Noticed Ijyb
  3290 | D:3      | Killed Ijyb
  3412 | D:3      | Learned a level 3 spell: Ignite Poison
  3516 | D:4      | Found a radiant altar of Vehumet.
  3534 | D:4      | Became a worshipper of Vehumet
  3573 | D:4      | Reached skill level 1 in Conjurations
  3573 | D:4      | Reached skill level 1 in Air Magic
  3573 | D:4      | Reached skill level 1 in Evocations
  3774 | D:4      | Gained mutation: You are covered in thick fur. (AC +2)
                  | [Felid growth]
  3774 | D:4      | Reached XP level 6. HP: 26/26 MP: 6/11
  3848 | D:4      | Found a shimmering blue altar of Sif Muna.
  4136 | D:4      | Reached skill level 3 in Spellcasting
  4380 | D:4      | Found a white marble altar of Elyvilon.
  4619 | D:5      | Entered Level 5 of the Dungeon
  4661 | D:5      | Found a glowing drain.
  4689 | Sewer    | Entered a sewer
  4903 | Sewer    | Reached * piety under Vehumet
  4903 | Sewer    | Offered knowledge of Magic Dart by Vehumet.
  5644 | Sewer    | Reached XP level 7. HP: 30/30 MP: 2/12
  6009 | D:5      | Found an opulent altar of Gozag.
  6011 | D:5      | Found Gozag's Platinum Reserve.
  6183 | D:5      | Found a staircase to the Ecumenical Temple.
  6200 | D:5      | Learned a level 2 spell: Sticks to Snakes
  6509 | D:5      | Found a sacrificial altar of Ru.
  6579 | D:5      | Found a runed translucent door.
  6580 | D:5      | Noticed Crazy Yiuf
  6588 | D:5      | Killed Crazy Yiuf
  6711 | D:6      | Noticed a yak
  7060 | D:6      | Found a bloodstained altar of Trog.
  7112 | D:6      | Reached ** piety under Vehumet
  7219 | D:6      | Noticed a yak
  7219 | D:6      | Noticed a yak
  7219 | D:6      | Noticed a yak
  7230 | D:6      | Killed a yak
  7230 | D:6      | Reached XP level 8. HP: 31/33 MP: 14/14
  7240 | D:6      | Offered knowledge of Searing Ray by Vehumet.
  7240 | D:6      | Reached skill level 4 in Spellcasting
  7242 | D:6      | Reached skill level 5 in Poison Magic
  7248 | D:6      | Learned a level 4 spell: Olgreb's Toxic Radiance
  7266 | D:6      | Reached skill level 5 in Spellcasting
  7669 | D:6      | Reached skill level 1 in Fire Magic
  7773 | D:6      | Reached XP level 9. HP: 36/36 MP: 17/17
  7994 | D:6      | Noticed a troll
  8028 | D:6      | Killed a troll
  8227 | D:6      | Found a runed translucent door.
  8228 | D:6      | Noticed Harunobu's ghost (novice DsBe)
  8284 | D:6      | Killed Harunobu's ghost
  8284 | D:6      | Reached skill level 5 in Dodging
  8412 | D:6      | Learned a level 4 spell: Ice Form
  8436 | D:7      | Noticed Dowan
  8450 | D:6      | Offered knowledge of Conjure Flame by Vehumet.
  8486 | D:7      | Noticed a two-headed ogre
  8503 | D:7      | Killed a two-headed ogre
  8503 | D:7      | Reached skill level 5 in Transmutations
  8503 | D:7      | Reached skill level 1 in Ice Magic
  8503 | D:7      | Reached skill level 5 in Evocations
  8642 | D:7      | Reached skill level 6 in Spellcasting
  8683 | D:7      | Found a flagged portal.
  8686 | D:7      | Noticed a two-headed ogre
  8703 | D:7      | Killed a two-headed ogre
  8703 | D:7      | Reached XP level 10. HP: 41/41 MP: 15/20
  8774 | Bailey   | Entered a bailey
  8795 | Bailey   | Reached *** piety under Vehumet
  8935 | Bailey   | Noticed an orc warlord
  9055 | Bailey   | Found a runed translucent gate.
  9057 | Bailey   | Found a runed translucent gate.
  9107 | Bailey   | Offered knowledge of Airstrike by Vehumet.
  9113 | Bailey   | Noticed an orc knight
  9139 | Bailey   | Killed an orc knight
  9169 | Bailey   | Found a runed translucent gate.
  9252 | Bailey   | Killed an orc warlord
  9252 | Bailey   | Reached skill level 5 in Stealth
  9379 | D:7      | Reached skill level 7 in Spellcasting
  9404 | D:7      | Found an iron altar of Okawaru.
  9411 | D:7      | Noticed Duvessa
  9425 | D:7      | Killed Duvessa
  9433 | D:7      | Killed Dowan
  9626 | D:7      | Found a basalt altar of Yredelemnul.
  9846 | D:7      | Found Woenufan's Antique Armour Emporium.
 10227 | D:7      | Learned a level 4 spell: Airstrike
 10382 | D:8      | Reached **** piety under Vehumet
 10820 | D:8      | Found Bezaj's Food Boutique.
 10856 | D:8      | Offered knowledge of Static Discharge by Vehumet.
 10898 | D:8      | Bought a ration for 60 gold pieces
 10898 | D:8      | Bought a ration for 60 gold pieces
 11024 | D:8      | Reached XP level 11. HP: 46/46 MP: 23/23
 11499 | D:8      | Identified 2 scrolls of acquirement
 12127 | D:9      | Noticed a two-headed ogre
 12132 | D:9      | Killed a two-headed ogre
 12132 | D:9      | Reached skill level 8 in Spellcasting
 12268 | D:9      | Found a basalt altar of Yredelemnul.
 12332 | D:9      | Noticed a red ugly thing
 12416 | D:9      | Found a staircase to the Lair.
 12800 | D:9      | Killed a red ugly thing
 12800 | D:9      | Reached skill level 5 in Unarmed Combat
 13286 | D:10     | Entered Level 10 of the Dungeon
 13305 | D:10     | Reached ***** piety under Vehumet
 13314 | D:10     | Offered knowledge of Sticky Flame by Vehumet.
 13347 | D:10     | Noticed Sonja
 13353 | D:10     | Killed Sonja
 13527 | D:10     | Noticed an unseen horror
 13554 | D:10     | Killed an unseen horror
 13554 | D:10     | Reached skill level 5 in Air Magic
 14054 | D:10     | Noticed an unseen horror
 14061 | D:10     | Killed an unseen horror
 14605 | D:10     | Noticed a two-headed hydra
 14624 | D:10     | Killed a two-headed hydra
 15150 | D:11     | Found a flickering gateway to a bazaar.
 15155 | Bazaar   | Entered a bazaar
 15159 | Bazaar   | Found Bacikk's Jewellery Boutique.
 15177 | Bazaar   | Found Asaram's Antique Armour Shoppe.
 15194 | Bazaar   | Found Fien's Book Boutique.
 15199 | Bazaar   | Bought the Catalogue of Warped Clay for 728 gold pieces
 15199 | Bazaar   | Bought a book of the Tempests for 980 gold pieces
 15211 | Bazaar   | Found Etuthum's Distillery.
 15233 | Bazaar   | Bought a potion of heal wounds for 90 gold pieces
 15233 | Bazaar   | Bought a potion of lignification for 54 gold pieces
 15233 | Bazaar   | Bought a potion of curing for 54 gold pieces
 15233 | Bazaar   | Bought a potion of curing for 54 gold pieces
 15263 | Bazaar   | Learned a level 4 spell: Summon Lightning Spire
 15401 | D:11     | Noticed an unseen horror
 15407 | D:11     | Killed an unseen horror
 15407 | D:11     | Gained mutation: Your thick and shaggy fur keeps you warm.
                  | (AC +3, rC+) [Felid growth]
 15407 | D:11     | Reached XP level 12. HP: 50/50 MP: 24/25
 16071 | D:11     | Reached skill level 9 in Spellcasting
 16151 | D:11     | Noticed a two-headed ogre
 16168 | D:11     | Reached skill level 1 in Summonings
 16199 | D:11     | Killed a two-headed ogre
 16366 | D:11     | Noticed a five-headed hydra
 16398 | D:11     | Killed a five-headed hydra
 16398 | D:11     | Reached skill level 5 in Fighting
 16721 | D:11     | Found the +6 lightning scales {run, rElec}
 17295 | D:12     | Noticed Snorg
 17333 | D:12     | Noticed Fannar
 17388 | D:12     | Killed Fannar
 17577 | D:12     | Found a staircase to the Orcish Mines.
 17597 | D:12     | Noticed a two-headed ogre
 17599 | D:12     | Noticed a two-headed ogre
 17851 | D:12     | Noticed Jorgrun
 17870 | D:12     | Killed from afar by Jorgrun
 17871 | D:12     | Reached XP level 11. HP: -16/48 MP: 32/34
 17885 | D:12     | Noticed a two-headed ogre
 17965 | Lair:1   | Entered Level 1 of the Lair of Beasts
 18034 | Lair:1   | Noticed a five-headed hydra
 18042 | Lair:1   | Killed a five-headed hydra
 18053 | Lair:1   | Learned a level 1 spell: Animate Skeleton
 18324 | Lair:1   | Noticed an eight-headed hydra
 18336 | Lair:1   | Killed an eight-headed hydra
 18529 | Lair:1   | Reached skill level 1 in Necromancy
 18612 | Lair:1   | Noticed a four-headed hydra
 18617 | Lair:1   | Killed a four-headed hydra
 19132 | Lair:2   | Reached XP level 12. HP: 52/52 MP: 23/26
 19212 | Lair:2   | Found a runed translucent door.
 19217 | Lair:2   | Noticed Gargoyl's ghost (journeyman CeAK)
 20399 | Lair:3   | Found a staircase to the Snake Pit.
 20504 | Lair:3   | Reached skill level 10 in Spellcasting
 20933 | Lair:3   | Noticed an eight-headed hydra
 20941 | Lair:3   | Killed an eight-headed hydra
 20941 | Lair:3   | Reached skill level 10 in Dodging
 21978 | Lair:3   | Offered knowledge of Starburst by Vehumet.
 22124 | Lair:3   | Splashed by an oklob plant's acid
 22125 | Lair:3   | Reached XP level 11. HP: -3/48 MP: 21/35
 22125 | Lair:3   | Noticed an oklob plant
 22142 | Lair:3   | Killed an oklob plant
 22416 | Lair:3   | Killed an oklob plant
 22699 | Lair:4   | Noticed an eight-headed hydra
 22704 | Lair:4   | Killed an eight-headed hydra
 23271 | Lair:4   | Noticed a death yak
 23274 | Lair:4   | Noticed a death yak
 23276 | Lair:4   | Noticed a death yak
 23276 | Lair:4   | Noticed a death yak
 23276 | Lair:4   | Noticed a death yak
 23278 | Lair:4   | Noticed a death yak
 23282 | Lair:4   | Killed a death yak
 23282 | Lair:4   | Reached XP level 12. HP: 52/52 MP: 15/27
 23285 | Lair:4   | Killed a death yak
 23285 | Lair:4   | Killed a death yak
 23286 | Lair:4   | Killed a death yak
 23287 | Lair:4   | Killed a death yak
 23289 | Lair:4   | Killed a death yak
 23443 | Lair:4   | Noticed Josephine
 23446 | Lair:4   | Killed Josephine
 23727 | Lair:4   | Found a staircase to the Swamp.
 23953 | Lair:4   | Noticed a four-headed hydra
 23958 | Lair:4   | Killed a four-headed hydra
 24292 | Lair:5   | Noticed a four-headed hydra
 24297 | Lair:5   | Killed a four-headed hydra
 24297 | Lair:5   | Reached skill level 11 in Spellcasting
 24435 | Lair:5   | Found a dark tunnel.
 24523 | Volcano  | Entered a volcano
 25202 | Volcano  | Reached skill level 10 in Air Magic
 25938 | Lair:5   | Reached XP level 13. HP: 55/55 MP: 20/29
 26312 | Lair:6   | Entered Level 6 of the Lair of Beasts
 26447 | Lair:6   | Reached ****** piety under Vehumet
 26648 | Lair:6   | Offered knowledge of Ozocubu's Refrigeration by Vehumet.
 27007 | Lair:6   | Learned a level 6 spell: Ozocubu's Refrigeration
 27256 | Lair:6   | Reached skill level 12 in Spellcasting
 28084 | Lair:6   | Learned a level 1 spell: Apportation
 28301 | Lair:6   | Found a staircase to the Slime Pits.
 28302 | Lair:6   | Found a viscous altar of Jiyva.
 28737 | D:12     | Reached skill level 1 in Translocations
 29036 | D:12     | Noticed Nergalle
 29157 | D:12     | Killed Snorg
 29157 | D:12     | Reached skill level 13 in Spellcasting
 29273 | D:12     | Killed Nergalle
 29273 | D:12     | Reached XP level 14. HP: 60/60 MP: 31/32
 29456 | Orc:1    | Entered Level 1 of the Orcish Mines
 29771 | Orc:1    | Offered knowledge of Fireball by Vehumet.
 30015 | Orc:1    | Found a roughly hewn altar of Beogh.
 30300 | Orc:2    | Entered Level 2 of the Orcish Mines
 30371 | Orc:2    | Noticed a stone giant
 30492 | Orc:2    | Found a staircase to the Elven Halls.
 31334 | Orc:2    | Found Susat's Gadget Boutique.
 31334 | Orc:2    | Found Zitussek's Magic Scroll Shoppe.
 31342 | Orc:2    | Bought a scroll of teleportation for 42 gold pieces
 31342 | Orc:2    | Bought a scroll of fear for 49 gold pieces
 31342 | Orc:2    | Bought a scroll of identify for 28 gold pieces
 31349 | Orc:2    | Offered knowledge of Lee's Rapid Deconstruction by Vehumet.
 31366 | Orc:2    | Found a roughly hewn altar of Beogh.
 31460 | Orc:2    | Found Bucar's Weapon Emporium.
 31468 | Orc:2    | Bought 18 arrows for 50 gold pieces
 31543 | Orc:2    | Found Hanyiska's Book Boutique.
 31543 | Orc:2    | Found Rifegeph's Armour Shoppe.
 31785 | Orc:2    | Bought a wand of enslavement (5) for 105 gold pieces
 31785 | Orc:2    | Bought a wand of iceblast (7) for 165 gold pieces
 31794 | Orc:2    | Bought a scroll of acquirement for 728 gold pieces
 31795 | Orc:2    | Got the ring "Arghea Nuby" {rPois rC- Dex+7}
 31827 | Orc:2    | Bought a book of Minor Magic for 320 gold pieces
 31830 | Orc:2    | Learned a level 2 spell: Blink
 32142 | Orc:2    | Killed a stone giant
 32292 | D:13     | Found a gate leading to a gauntlet.
 32347 | Gauntlet | Entered a Gauntlet
 32347 | Gauntlet | Found a transporter.
 32347 | Gauntlet | Found a transporter.
 32347 | Gauntlet | Found a transporter.
 32351 | Gauntlet | Found a transporter.
 32397 | Gauntlet | Found a transporter.
 32419 | Gauntlet | Found a transporter.
 32421 | Gauntlet | Found the +3 crown of Dyrovepreva {rElec Int+2 SInv}
 32425 | Gauntlet | Found a transporter.
 32433 | Gauntlet | Found a transporter.
 32450 | Gauntlet | Found a transporter.
 32455 | Gauntlet | Found a transporter.
 32481 | Gauntlet | Found a transporter.
 32508 | Gauntlet | Found a transporter.
 32662 | Gauntlet | Got a pitted steel amulet
 32664 | Gauntlet | Identified the amulet of Etonax {Regen+ Str+2 Dex+4} (You
                  | found it in a Gauntlet)
 32801 | Gauntlet | Identified the Incunabulum of Unstable Contamination
 32801 | Gauntlet | Identified the Incunabulum of Nocuous Malediction
 33203 | D:13     | Reached skill level 5 in Ice Magic
 33451 | D:13     | Got the ring of Piowk {+Fly rN+ Str+2 Stlth+}
 33657 | D:13     | Found a gate to the Vaults.
 33809 | D:13     | Offered knowledge of Freezing Cloud by Vehumet.
 34199 | D:14     | Reached skill level 14 in Spellcasting
 34210 | D:14     | Engulfed by a cloud of flame
 34211 | D:14     | Reached XP level 13. HP: -10/57 MP: 1/41
 34401 | D:14     | Reached XP level 14. HP: 30/61 MP: 7/33
 34978 | D:14     | Reached skill level 5 in Conjurations
 35168 | D:14     | Identified the +9 dagger "Luyfeifiku" {freeze, Int+2}
 35588 | D:14     | Upgraded the game from 0.26-a0-117-g2bcdb00447 to
                  | 0.26-a0-146-g24f6d3962c
 35764 | D:14     | Identified Kuahej's Catalogue of Supportive Transformation
 36738 | D:15     | Entered Level 15 of the Dungeon
 36741 | D:15     | Shot with an arrow by a centaur warrior
 36742 | D:15     | Reached XP level 13. HP: -2/69 MP: 30/41
 36766 | D:15     | Reached skill level 10 in Stealth
 36768 | D:15     | Annihilated by a red ugly thing

Illustrated notes

Levels and vault maps discovered:
D:1:      nagdon_arrival_zigzag_paths, layout_basic
D:2:      layout_basic, xom_teletrap_fun
D:3:      layout_loops_ring, hangedman_abyss_or_decor_stabs,
          kennysheep_generic_room_10, uniq_jessica, uniq_ijyb
D:4:      layout_cave_pools, lemuel_doored_altar, lemuel_round_altar,
          first_ration, elyvilon_altar_1
D:5:      layout_basic, nicolae_gozag_zags_fifth_avenue,
          nicolae_ru_the_path_less_chosen, minmay_temple_entry_offerings,
          portal_sewer_entry_b, hangedman_abyss_or_decor_stagger,
          uniq_crazy_yiuf_cottage
D:6:      kennysheep_windowed_halls, layout_rooms, old_standard_altar,
          gammafunk_ghost_grave, moated_statue
D:7:      layout_basic, old_standard_altar, basic_altar, serial_shops, shop,
          enter_bailey_6, uniq_duvessa
D:8:      layout_cave_pods, serial_shops, shop, kennysheep_generic_room_15
D:9:      layout_basic, yredelemnul_forgotten_temple_becter,
          david_lair_shrubbed, hangedman_misty_isle
D:10:     layout_stronghold, hangedman_ranch [blue_anna_fruit_fields],
          uniq_sonja
D:11:     layout_loops_corners, serial_shops, bzr_entry_dummy,
          wad_rectangle_vault
D:12:     layout_irregular_city, orc_david_3, uniq_fannar, uniq_nergalle,
          uniq_snorg, uniq_jorgrun
D:13:     layout_long_grid, erik_vaults_1, gauntlet_entry_generic
D:14:     minmay_the_grid_square_5x5_5x5_mashed
          [minmay_the_grid_square_5x5_spiral_small,
          minmay_the_grid_square_5x5_moneybag,
          minmay_the_grid_square_5x5_percent, minmay_the_grid_square_5x5_two,
          minmay_the_grid_square_5x5_three_small,
          minmay_the_grid_square_5x5_minimal,
          minmay_the_grid_square_5x5_prize_open,
          minmay_the_grid_square_5x5_lines,
          minmay_the_grid_square_5x5_prize_open,
          minmay_the_grid_square_5x5_forky, minmay_the_grid_square_5x5_meh,
          minmay_the_grid_square_5x5_seven,
          minmay_the_grid_square_5x5_prize_pseudospiral,
          minmay_the_grid_square_5x5_doubleslash,
          minmay_the_grid_square_5x5_mess, minmay_the_grid_square_5x5_inner_z,
          minmay_the_grid_square_5x5_prize_snowflake,
          minmay_the_grid_square_5x5_n_small,
          minmay_the_grid_square_5x5_prize_open,
          minmay_the_grid_square_5x5_shuriken,
          minmay_the_grid_square_5x5_shrine2,
          minmay_the_grid_square_5x5_inverted_slash,
          minmay_the_grid_square_5x5_minivault,
          minmay_the_grid_square_5x5_pentomino_r,
          minmay_the_grid_square_5x5_checkered_statues], layout_loops_corners
D:15:     gammafunk_enter_depths_forms, layout_loops_ring,
          minmay_misc_feat_tiny, portal_ice_cave_entry_ice_beasts
Lair:1:   layout_small_grid
Lair:2:   layout_regular_city, gammafunk_ghost_grave
Lair:3:   layout_roguey, guppyfry_snake_entry_island, serial_forest,
          infiniplex_forest_end_1, infiniplex_forest_clump_curved,
          infiniplex_forest_straight_3, infiniplex_forest_clump_medium,
          infiniplex_forest_lined_3, infiniplex_forest_lined_room_2,
          minmay_lair_oklob_chamber
Lair:4:   layout_regular_city, swamp_mist_pool, grunt_megastairs_2,
          uniq_josephine
Lair:5:   layout_small_grid, nicolae_volcano_entry_two_sided,
          serial_bayou_shore_a
Lair:6:   minmay_lair_end_enchanted_forest, layout_cave_shapes, slime_altar_1,
          grunt_megastairs_3
Orc:1:    nicolae_orc_accident_3, layout_caves, basic_altar,
          statue_in_the_mist_lemuel
Orc:2:    st_orc_town, layout_caves, serial_shops, nicolae_shop_crystal

Skill      XL: |  1  2  3  4  5  6  7  8  9 10 11 12 13 14 |
---------------+-------------------------------------------+-----
Stealth        | 3 4 5 8 7 10 9 | 10.0
Poison Magic   | 3 4 5 6 |  6.0
Dodging        | 3 4 6 7 8 11 12 | 12.0
Fighting       | 1 2 4 6 7 |  7.8
Transmutations | 2 3 4 5 6 7 8 |  8.0
Unarmed Combat | 1 2 3 4 5 6 8 7 |  8.0
Conjurations   | 1 2 3 4 5 |  5.8
Air Magic      | 1 2 3 7 10 | 10.7
Evocations     | 1 2 4 5 6 |  6.0
Spellcasting   | 3 5 6 7 8 11 13 14 | 14.0
Fire Magic     | 1 2 3 |  3.0
Ice Magic      | 1 2 3 4 6 |  6.2
Summonings     | 4 3 |  4.0
Necromancy     | 1 2 |  2.0
Translocations | 2 3 |  3.0

Action                   |  1- 3 |  4- 6 |  7- 9 | 10-12 | 13-15 || total
-------------------------+-------+-------+-------+-------+-------++-------
Melee: Unarmed           |    39 |    38 |    26 |   107 |   112 ||   322
       Bite              |     4 |     3 |     2 |     7 |    13 ||    29
       Punch             |       |       |       |     3 |     2 ||     5
 Cast: Sting             |    73 |    68 |    26 |    78 |    49 ||   294
       Poisonous Vapours |     2 |    72 |    43 |   189 |   139 ||   445
       Mephitic Cloud    |       |     1 |    25 |   115 |   141 ||   282
       Ignite Poison     |       |       |    24 |   151 |   136 ||   311
       Olgreb's Toxic Ra |       |       |       |    26 |    27 ||    53
       Airstrike         |       |       |       |   191 |   241 ||   432
       Summon Lightning  |       |       |       |    44 |    47 ||    91
       Animate Skeleton  |       |       |       |    48 |   134 ||   182
       Ice Form          |       |       |       |     4 |    12 ||    16
       Ozocubu's Refrige |       |       |       |       |    11 ||    11
       Apportation       |       |       |       |       |    25 ||    25
       Sticks to Snakes  |       |       |       |       |    19 ||    19
       Blink             |       |       |       |       |     3 ||     3
 Abil: End Transformatio |       |       |       |       |     1 ||     1
Evoke: Wand              |       |       |     4 |       |    10 ||    14
  Use: Potion            |       |     2 |       |       |     9 ||    11
       Scroll            |       |     5 |    10 |    18 |    10 ||    43
 Stab: Sleeping          |     6 |     9 |     1 |     8 |     6 ||    30
       Confused          |       |     1 |     3 |     7 |    19 ||    30
       Distracted        |       |       |       |       |     1 ||     1
  Eat: Chunk             |    10 |    11 |     9 |    47 |    24 ||   101
Armor: Skin              |     6 |    26 |     7 |     3 |    16 ||    58
Dodge: Dodged            |    61 |    54 |    12 |   162 |   204 ||   493

Table legend:
 A = Non-vault XP
 B = Vault XP
 C = Vault XP percentage of total XP
 D = Non-vault monster count
 E = Vault monster count
 F = Vault count percentage of total count
                 A         B        C        D         E       F
            +---------+---------+-------+---------+---------+-------
      Total |   86208 |   65476 |  43.2 |     553 |     340 |  38.1
            +---------+---------+-------+---------+---------+-------
        D:1 |      57 |       0 |   0.0 |      34 |       0 |   0.0
        D:2 |      68 |       0 |   0.0 |      24 |       0 |   0.0
        D:3 |      69 |      73 |  51.4 |      21 |       2 |   8.7
        D:4 |     315 |       0 |   0.0 |      15 |       0 |   0.0
        D:5 |      18 |      43 |  70.5 |       5 |       2 |  28.6
        D:6 |    1592 |    1571 |  49.7 |      16 |      14 |  46.7
        D:7 |    3053 |     226 |   6.9 |      23 |       2 |   8.0
        D:8 |    1286 |       0 |   0.0 |      26 |       0 |   0.0
        D:9 |    2865 |    1266 |  30.6 |      24 |       8 |  25.0
       D:10 |    2673 |    2986 |  52.8 |      28 |       9 |  24.3
       D:11 |    5894 |     772 |  11.6 |      29 |       6 |  17.1
       D:12 |    4781 |    2829 |  37.2 |      33 |       9 |  21.4
       D:13 |    8111 |    1808 |  18.2 |      43 |       2 |   4.4
       D:14 |   10826 |   16917 |  61.0 |      39 |      47 |  54.7
       D:15 |    1818 |       0 |   0.0 |       7 |       0 |   0.0
     Lair:1 |    4464 |       0 |   0.0 |      14 |       0 |   0.0
     Lair:2 |    3675 |       0 |   0.0 |      17 |       0 |   0.0
     Lair:3 |    5149 |    2872 |  35.8 |      24 |      10 |  29.4
     Lair:4 |    4284 |    6628 |  60.7 |      12 |      13 |  52.0
     Lair:5 |    6328 |       0 |   0.0 |      28 |       0 |   0.0
     Lair:6 |   11258 |    9315 |  45.3 |      50 |      55 |  52.4
      Orc:1 |    4362 |     804 |  15.6 |      19 |       8 |  29.6
      Orc:2 |    3262 |    6152 |  65.3 |      22 |      58 |  72.5
      Sewer |       0 |     273 | 100.0 |       0 |      48 | 100.0
     Bailey |       0 |    2732 | 100.0 |       0 |      27 | 100.0
    Volcano |       0 |    3790 | 100.0 |       0 |      12 | 100.0
   Gauntlet |       0 |    4419 | 100.0 |       0 |       8 | 100.0
            +---------+---------+-------+---------+---------+-------
